 Dungeon Crawl Stone Soup version 0.20-a0-993-gba41c3c (webtiles) character file.

82 Alarkh the Insei (level 4, 23/33 HPs)
             Began as a Demonspawn Transmuter on Apr 11, 2017.
             Got out of the dungeon alive.
             The game lasted 00:01:29 (1716 turns).

Alarkh the Insei (Demonspawn Transmuter)            Turns: 1716, Time: 00:01:30

Health: 23/33      AC:  3    Str: 11    XL:     4   Next: 21%
Magic:  8/8        EV: 12    Int: 15    God:
Gold:   38         SH:  0    Dex: 13    Spells: 7/8 levels left

rFire    . . .     SeeInvis .     - Unarmed
rCold    . . .     Gourm    .   (no shield)
rNeg     . . .     Faith    .   b - +0 robe
rPois    .         Spirit   +   m - +0 helmet
rElec    .         Reflect  .   (no cloak)
rCorr    .         Harm     .   (no gloves)
MR       .....                  (no boots)
Stlth    +.........             (no amulet)
Regen    0.2/turn               (no ring)
MPRegen  0.2/turn               (no ring)

@: no status effects
A: claws 1, magic shield
a: no special abilities


You escaped.
You were not hungry.

You visited 1 branch of the dungeon, and saw 2 of its levels.

You collected 38 gold pieces.

Inventory:

Missiles
 a - 12 arrows
Armour
 b - a +0 robe (worn)
 m - a +0 helmet (worn)
Scrolls
 e - a scroll of identify
 i - a scroll of blinking {unknown}
 j - a scroll of amnesia {unknown}
 k - a scroll of remove curse {unknown}
Potions
 l - a potion of resistance
Books
 c - a book of Changes

   Spells                             Type                      Level
   a - Beastly Appendage              Transmutation                1
   b - Sticks to Snakes               Transmutation                2
   c - Spider Form                    Transmutation/Poison         3
   d - Ice Form                       Ice/Transmutation            4
   e - Blade Hands                    Transmutation                5
Comestibles
 d - a bread ration
 f - 2 fruits
 g - 2 meat rations
 h - 2 chunks of flesh


   Skills:
 + Level 2.0 Fighting
 - Level 1.7 Dodging
 * Level 3.3 Unarmed Combat
 + Level 2.6 Spellcasting
 + Level 2.4 Transmutations


You had 7 spell levels left.
You knew the following spells:

 Your Spells              Type           Power        Failure   Level  Hunger
a - Beastly Appendage     Tmut           #.....       10%         1    #......


Dungeon Overview and Level Annotations

Branches:
Dungeon (2/15)

Altars:


Innate Abilities, Weirdness & Mutations

You have sharp fingernails.
When hurt, damage is shared between your health and your magic reserves.


Message History

You completely miss the gnoll. Your kick misses the gnoll.
The gnoll is heavily wounded.
The gnoll closely misses you.
You claw the gnoll!
You kill the gnoll!
Things that are here:
a club; a gnoll corpse; a kobold corpse Your talons disappear.
Your magical contamination has completely faded away.
There is a stone staircase leading up here.
You climb upwards.
There is a stone staircase leading down here.
You see here a spear.
Eating one of 3 chunks of flesh.
You eat one of the 3 chunks of flesh.
This raw flesh tastes terrible.
Magic restored.
There is a stone staircase leading down here.
You can't go up here!
There is a staircase leading out of the dungeon here.
Are you sure you want to leave the Dungeon?
This will make you lose the game!
You have escaped!

# #.##### ##.##.....### #
#.# ##..)........# # #.#
####...##..รท..#.# # #.#
#.....###.....#.# # #.#
##.##..#####.###.# # #.#
#.......## #.....# # #.#
#...P.P..# ####..# # #.#
#........## #..# #.#
##...@....# #..#
####.######........#####..#
#............P.P..........#
#.##......##..............#
#.#######.##...############
###.##### #.##.###
........# #.##.# ###.###.#
#.##.# #.# #.# #.##.#


There were no monsters in sight!

Vanquished Creatures
  4 gnolls (D:2)
  2 leopard geckos (D:1)
  3 giant cockroaches (D:1)
  A goblin (D:1)
  9 hobgoblins
  6 jackals (D:1)
  A quokka (D:1)
  3 bats (D:1)
  A frilled lizard (D:1)
  3 kobolds
  6 rats (D:1)
39 creatures vanquished.

Notes
Turn   | Place    | Note
-------+----------+-------------------------------------------
     0 | D:1      | Alarkh the Demonspawn Transmuter began the quest for the Orb.
     0 | D:1      | Reached XP level 1. HP: 15/15 MP: 3/3
   238 | D:1      | Gained mutation: You have sharp fingernails. [demonic ancestry]
   238 | D:1      | Reached XP level 2. HP: 6/21 MP: 3/5
   883 | D:1      | Reached XP level 3. HP: 25/27 MP: 6/6
  1039 | D:1      | Reached skill level 3 in Unarmed Combat
  1574 | D:2      | Gained mutation: When hurt, damage is shared between your health and your magic reserves. [demonic ancestry]
  1574 | D:2      | Reached XP level 4. HP: 16/33 MP: 4/7
  1716 | D:$      | Got out of the dungeon alive.

Vault maps used:
D:1:      dpeg_arrival_orchard
D:2:      grunt_dithmenos_smoke_and_mirrors, first_bread

Skill      XL: |  1  2  3 |
---------------+----------+-----
Transmutations | 2 |  2.4
Unarmed Combat | 3 |  3.3
Fighting       | 2 |  2.0
Dodging        | |  1.7
Spellcasting   | |  2.6

Action                   |  1- 3 |  4- 6 || total
-------------------------+-------+-------++-------
Melee: Unarmed           |   149 |     8 ||   157
       Headbutt          |     1 |       ||     1
       Punch             |     2 |       ||     2
       Kick              |       |     2 ||     2
 Cast: Beastly Appendage |     2 |       ||     2
  Use: Scroll            |     1 |       ||     1
  Eat: Chunk             |     2 |     1 ||     3
Armor: Robe              |    24 |       ||    24
Dodge: Dodged            |   115 |     4 ||   119
